 Dungeon Crawl Stone Soup version 0.30-a0-718-geaa24f58ff (webtiles) character file.

Game seed: 17417897713774224369

28 Darius099 the Ruffian (level 2, 29/29 HPs)
             Began as a Troll Monk on Jan 25, 2023.
             Was a Believer of Makhleb.
             Got out of the dungeon alive.
             The game lasted 00:00:48 (702 turns).

Darius099 the Ruffian (Troll Monk)                   Turns: 702, Time: 00:00:49

Health: 29/29      AC:  4    Str: 18    XL:     2   Next: 96%
Magic:  1/1        EV: 10    Int:  6    God:    Makhleb [**....]
Gold:   40         SH:  0    Dex: 12    Spells: 1/1 levels left

rFire   . . .      SeeInvis .      - Unarmed
rCold   . . .      Faith    .    (no shield)
rNeg    . . .      Spirit   .    a - +0 robe
rPois   .          Reflect  .    (helmet restricted)
rElec   .          Harm     .    (no cloak)
rCorr   .          Rampage  .    (gloves unavailable)
Will    .....                    (boots unavailable)
Stlth   ++                       (no amulet)
HPRegen 1.04/turn                (no ring)
MPRegen 0.07/turn                (no ring)

@: no status effects
A: large, unfitting armour, claws 3, regeneration 1, shaggy fur 1, tough skin 1
a: Renounce Religion, Minor Destruction


You escaped.
You worshipped Makhleb.
Makhleb was pleased with you.
You visited 1 branch of the dungeon, and saw 2 of its levels.

You collected 40 gold pieces.

Inventory:

Armour
 a - a +0 robe (worn)
Scrolls
 c - a scroll of enchant weapon {unknown}
 f - a scroll of poison {unknown}
 g - a scroll of teleportation {unknown}
Potions
 b - a potion of ambrosia
 d - a potion of mutation {unknown}
 e - a potion of heal wounds {unknown}
 h - a potion of might {unknown}
 i - a potion of haste {unknown}


   Skills:
 - Level 2.4 Fighting
 - Level 2.4 Dodging
 - Level 1.0 Stealth
 + Level 4.2 Unarmed Combat


You had one spell level left.
You didn't know any spells.
Your spell library was empty.

Dungeon Overview and Level Annotations

Branches:
Dungeon (2/15)

Altars:
Makhleb


Innate Abilities, Weirdness & Mutations

You are too large for most types of armour.
You have claws for hands.
Your natural rate of healing is unusually fast.
You are covered in fur. (AC +1)
You have tough skin. (AC +1)


Message History

Unknown command.
Done exploring.
Unknown command.
Done exploring.
Unknown command.
Done exploring.
Unknown command.
Done exploring.
Unknown command.
No target in view!
Unknown command.
No target in view!
Unknown command.
No target in view!
Unknown command.
No target in view!
Unknown command.
No target in view!
You see here a ball python corpse.
You see here a +0 club.
You enter the shallow water.
There is a faded altar of an unknown god here.
This altar belongs to (a) Ignis, (b) Makhleb or (c) Jiyva, but you can't tell which.
Press the corresponding letter to learn more about a god, or press enter to convert or escape to cancel.
Makhleb accepts your prayer! Makhleb welcomes you!
You can now gain health from killing.
You can now harness Makhleb's destructive might.
You enter the shallow water.
You see here a ball python skeleton.
You see here a +0 flail.
There is a stone staircase leading down here.
You climb downwards.
There is a stone staircase leading up here.
You climb upwards.
There is a stone staircase leading down here.
There is a fountain of clear blue water here.
There is a staircase leading out of the dungeon here.
You can't go down here!
Are you sure you want to leave the Dungeon?
This will make you lose the game!
You have escaped!

........#..####....######.#
#####
..####.###.............##.#
#.... (## ##.#....##....###.##.#
#.### .#
##...#.###.#.#...##.###.##
.#######.......(...............#
...........##♣♣♣.♣♣♣##..#.###..#
..#######..# ♣⌠♣ #....# #..# ..#
#...♣♣♣♣♣.♣♣♣♣♣[.### #..#
..######......⌠.@.⌠.....# #..#
...........♣♣♣♣♣.♣♣♣♣♣..# ##..##
.##.####...# ♣⌠♣ #..# #.....
.##.# #...##♣♣♣.♣♣♣##..# #.###.
###.# #................# #.# #(
#.# ############..#### #.###.
#.# ##.# #..... #.# #.# ###....
#.# #.# #......


There were no monsters in sight!

Vanquished Creatures
  A gnoll (D:1)
  3 ball pythons (D:1)
  2 bats (D:1)
  3 goblins (D:1)
  A hobgoblin (D:1)
  2 frilled lizards (D:1)
  2 kobolds (D:1)
  4 rats (D:1)
18 creatures vanquished.

Notes
Turn   | Place    | Note
-------+----------+-------------------------------------------
     0 | D:1      | Darius099 the Troll Monk began the quest for the Orb.
     0 | D:1      | Reached XP level 1. HP: 22/22 MP: 0/0
   204 | D:1      | Reached XP level 2. HP: 27/29 MP: 1/1
   206 | D:1      | Found a faded altar of an unknown god.
   234 | D:1      | Reached skill level 4 in Unarmed Combat
   651 | D:1      | Prayed at the altar of an unknown god.
   651 | D:1      | Became a worshipper of Makhleb the Destroyer
   651 | D:1      | Reached * piety under Makhleb
   651 | D:1      | Reached ** piety under Makhleb
   702 | D:$      | Got out of the dungeon alive.

Illustrated notes

Levels and vault maps discovered:
D:1:      scummos_arrival_forest, layout_loops_ring,
          hellmonk_ecumenical_altar_pennies_from_heaven
D:2:      layout_basic, uniq_terence

Skill      XL: |  1  2 |
---------------+-------+-----
Unarmed Combat | 4 |  4.2
Fighting       | |  2.4
Dodging        | |  2.4
Stealth        | |  1.0

Action                     || total
---------------------------++-------
  Melee: Unarmed           ||    42
   Stab: Sleeping          ||     1
 Armour: Robe              ||    11
  Dodge: Dodged            ||    19

Table legend: (Time is in decaauts)
 A = Elapsed time spent in this place.
 B = Non-inter-level travel time spent in this place.
 C = Inter-level travel time spent in this place.
 D = Time resting spent in this place.
 E = Time spent auto-exploring this place.
 F = Levels seen in this place.
 G = Mean time per level.
                   A        B        C        D        E       F      G
               +--------+--------+--------+--------+--------+-----+--------+
         Total |    699 |    626 |     73 |      0 |    508 |   2 |  349.5 |
       Dungeon |    699 |    626 |     73 |      0 |    508 |   2 |  349.5 |
               +--------+--------+--------+--------+--------+-----+--------+

Top non-repeatable levels by time:
     D:1: 697 daAuts
     D:2: 1 daAuts
